 Dungeon Crawl Stone Soup version 0.18.1-1-g2f07953 (webtiles) character file.

133 Eucla the Insei (level 5, -6/49 HPs)
             Began as a Naga Monk on May 8, 2016.
             Mangled by a crocodile (18 damage)
             ... on level 4 of the Dungeon.
             The game lasted 00:05:19 (3739 turns).

Eucla the Insei (Naga Monk)                         Turns: 3739, Time: 00:05:20

Health: -6/49      AC:  1    Str: 13 (14) XL:     5   Next: 16%
Magic:  5/5        EV: 13    Int:  7 (10) God:
Gold:   148        SH:  0    Dex: 16 (19) Spells: 0 memorised, 4 levels left

rFire  . . .     SeeInvis +       - Unarmed
rCold  . . .     Gourm    .     h - +0 scale mail
rNeg   . . .     Faith    .     (no shield)
rPois  +         Spirit   .     (no helmet)
rElec  .         Dismiss  .     (no cloak)
rCorr  .         Reflect  .     c - +0 pair of gloves
SustAt .         Harm     .     (no barding)
MR     +....                    (no amulet)
Stlth  ++........               k - -4 ring of protection (curse)
                                f - ring of protection from magic

@: agile, very slow, somewhat resistant to hostile enchantments, unstealthy
A: see invisible, deformed body, poison resistance, slowness 2, slow metabolism
1, spit poison 2, AC +1
a: Spit Poison


You were on level 4 of the Dungeon.
You were not hungry.

You visited 1 branch of the dungeon, and saw 4 of its levels.

You collected 148 gold pieces.

Inventory:

Armour
 a - a +0 robe
 c - a +0 pair of gloves (worn)
 h - a +0 scale mail (worn)
Jewellery
 d - an uncursed ring of flight
 e - a +2 ring of intelligence
 f - a ring of protection from magic (left hand)
 k - a cursed -4 ring of protection (right hand)
 r - a cursed ring of teleportation {unknown}
Scrolls
 j - 2 scrolls of magic mapping {unknown}
 l - a scroll of enchant weapon {unknown}
 m - a scroll of fear {unknown}
 q - 2 scrolls of teleportation {unknown}
 t - a scroll of identify {unknown}
 u - a scroll of fog {unknown}
Potions
 g - 2 potions of curing
 p - a potion of flight
Comestibles
 b - 4 bread rations
 s - a beef jerky


   Skills:
 - Level 3.0 Fighting
 - Level 2.4 Dodging
 - Level 3.0 Stealth
 + Level 6.3 Unarmed Combat


You had 4 spell levels left.
You didn't know any spells.

Dungeon Overview and Level Annotations

Branches:
Dungeon (4/15)
 Temple: D:4-7

Altars:
Pakellas
Zin


Innate Abilities, Weirdness & Mutations

You cannot wear boots.
Your serpentine skin is tough (AC +1).
You have supernaturally acute eyesight.
Armour fits poorly on your strangely shaped body.
Your system is resistant to poisons.
You cover ground very slowly.
You have a slow metabolism.
You can spit poison.


Message History

Drink which item? (? for menu, Esc to quit)
It was a potion of curing.
You feel better. The jackal barely misses you. The crocodile barely misses you.
The jackal barely misses you.
Unknown command.
You barely miss the crocodile. The jackal barely misses you.
The crocodile barely misses you.
Unknown command.
You hit the crocodile but do no damage.
The jackal bites you but does no damage.
The crocodile bites you!
You barely miss the crocodile. The jackal misses you.
The jackal closely misses you. The crocodile bites you!
Unknown command.
You closely miss the crocodile. The jackal bites you.
* * * LOW HITPOINT WARNING * * *
A scorpion comes into view.
Unknown command.
Unknown command.
You closely miss the crocodile. The crocodile bites you!!
You die...

##.... ##.....
....... .......
..>.<..###
.........######
...............
......t@.......
.......h.######
........##
........#
........#
...>....#
.........
...s.....


You could see a crocodile, a scorpion (wandering) and a jackal.

Vanquished Creatures
  A hound (D:3)
  3 adders
  2 worms
  5 dart slugs
  5 orcs (D:3)
  2 ball pythons
  2 giant cockroaches (D:2)
  5 goblins
  7 hobgoblins
  4 jackals
  6 bats
  A giant gecko skeleton (D:4)
  2 giant newts
  6 kobolds
  7 rats
58 creatures vanquished.

Notes
Turn   | Place    | Note
--------------------------------------------------------------
     0 | D:1      | Eucla the Naga Monk began the quest for the Orb.
     0 | D:1      | Reached XP level 1. HP: 21/21 MP: 1/1
   169 | D:1      | Reached XP level 2. HP: 24/28 MP: 2/2
   884 | D:1      | Reached XP level 3. HP: 27/34 MP: 3/3
  1061 | D:1      | Reached skill level 5 in Unarmed Combat
  1450 | D:2      | Found a glowing silver altar of Zin.
  2052 | D:2      | Reached XP level 4. HP: 18/42 MP: 4/4
  2339 | D:2      | Found an oddly glowing altar of Pakellas.
  3464 | D:4      | Noticed a crocodile
  3465 | D:4      | Reached skill level 6 in Unarmed Combat
  3483 | D:3      | Reached XP level 5. HP: 9/49 MP: 5/5
  3739 | D:4      | Mangled by a crocodile

Skill      XL: |  1  2  3  4 |
---------------+-------------+-----
Unarmed Combat | 5 6 |  6.3
Fighting       | |  3.0
Dodging        | |  2.4
Stealth        | |  3.0

Action                   |  1- 3 |  4- 6 || total
-------------------------+-------+-------++-------
Melee: Unarmed           |   130 |    71 ||   201
       Punch             |     2 |     2 ||     4
 Abil: Spit Poison       |     4 |     5 ||     9
  Use: Scroll            |     2 |       ||     2
       Potion            |       |     5 ||     5
 Stab: Sleeping          |     3 |       ||     3
  Eat: Chunk             |     2 |       ||     2
       Meat ration       |       |     1 ||     1
       Royal jelly       |       |     1 ||     1
Armor: Robe              |     3 |       ||     3
       Scale mail        |    22 |     8 ||    30
Dodge: Dodged            |    41 |    36 ||    77
